Map: Data-C

Players

Kazaaak - Winner!

  • Race: Zerg Zerg
  • League: Gold
  • Spawn Location: 9:00

Tsugaru

  • Race: Terran Terran
  • League: Gold
  • Spawn Location: 3:00

VOD

Have the link to the VOD?

Description

Time

  • Played on: Dec. 5, 2022, 2:23 p.m.
  • Length: 6:31
Show
View Real Time Build Order
Export as new Build Order

Kazaaak Zerg - Winner!

Build Orders: Hatch First 

Get SALT Encoding   

  12  0:00  Drone  
  13  0:12  Overlord  
  13  0:17  Drone  
  14  0:30  Drone  
  14  0:31  Drone  
  14  0:34  Drone  
  17  0:53  Hatchery  
  16  1:01  Drone x2  
  18  1:04  Extractor  
  17  1:17  Spawning Pool, Drone  
  17  1:25  Overlord  
  17  1:29  Drone  
  18  1:40  Drone  
  19  1:50  Overlord  
  19  2:05  Queen  
  19  2:06  Metabolic Boost  
  21  2:08  Queen  
  21  2:13  Drone  
  24  2:16  Drone  
  24  2:20  Drone  
  26  2:23  Zergling x2  
  26  2:25  Zergling x2  
  28  2:35  Extractor  
  27  2:37  Zergling x4  
  27  2:43  Baneling Nest  
  28  2:47  Zergling x2  
  28  2:48  Zergling x2  
  30  2:53  Zergling x2  
  30  2:55  Zergling x2  
  32  3:04  Lair  
  32  3:07  Zergling x2  
  32  3:10  Zergling x2  
  34  3:15  Zergling x2  
  34  3:18  Zergling x2  
  36  3:27  Pneumatized Carapace  
  36  3:29  Zergling x2  
  36  3:31  Zergling x2  
  38  3:42  Zergling x6  
  38  3:47  Zergling x2  
  42  3:48  Zergling x2  
  42  3:52  Zergling x2  
  42  3:55  Baneling  
  44  3:56  Baneling  
  44  4:01  Baneling x2  
  44  4:02  Baneling  
  44  4:03  Baneling  
  44  4:04  Baneling  
  44  4:40  Overlord x3  
  39  5:26  Zergling x6  
  39  5:27  Zergling x6  
  45  5:39  Zergling x4  
  47  6:13  Zergling x4  
  47  6:14  Zergling x8  
Show
View Real Time Build Order
Export as new Build Order

Tsugaru Terran 

Build Orders:  

Get SALT Encoding   

  12  0:01  SCV  
  13  0:14  Supply Depot  
  13  0:18  SCV  
  14  0:31  SCV  
  15  0:43  Barracks  
  15  0:45  SCV  
  16  0:57  SCV  
  17  1:10  SCV  
  18  1:22  SCV  
  19  1:33  Command Center  
  19  1:35  Supply Depot  
  19  1:36  Orbital Command  
  19  1:40  Marine  
  20  1:53  Bunker  
  20  2:07  SCV  
  20  2:08  Refinery  
  21  2:12  Refinery  
  21  2:13  Marine  
  22  2:23  SCV  
  23  2:30  Supply Depot  
  23  2:35  SCV  
  24  2:45  Barracks Tech Lab  
  24  2:47  Orbital Command  
  24  2:52  Refinery  
  24  2:59  Supply Depot  
  24  3:01  Refinery  
  24  3:05  Marauder  
  26  3:06  SCV  
  27  3:15  SCV  
  27  3:17  Factory  
  27  3:18  SCV  
  29  3:37  SCV x2  
  31  3:43  Marauder  
  31  3:45  Concussive Shells  
  33  3:49  SCV  
  33  3:50  Supply Depot, SCV  
  35  4:01  Factory Tech Lab  
  35  4:03  Starport, SCV  
  35  4:09  Factory  
  36  4:10  SCV  
  37  4:31  Combat Shield, Marauder  
  39  4:35  SCV  
  39  4:36  SCV  
  41  4:47  SCV  
  41  4:48  SCV  
  44  5:00  SCV  
  19  5:17  Hellion x2  
  19  5:20  SCV x2  
  25  5:32  SCV x2  
  25  5:34  Starport Reactor, Engineering Bay  
  27  5:44  SCV  
  27  5:49  SCV  
  29  5:54  Marauder  
  29  5:55  Factory Tech Lab  
  29  5:56  SCV  
Tags
 
League
GoldGold
Matchup
TvZ
Spawn Locations
Cross Positions
Add a new tag
Caveats
  • Supply blocks, unpowered buildings, or Contaminate may cause inaccurate times.
  • Supply counts are checked every 10 seconds.